 Dungeon Crawl Stone Soup version 0.21-a0-621-gc60411f (webtiles) character file.

3 Amnesiac the Insei (level 1, -2/13 HPs)
             Began as an Octopode Transmuter on Dec 23, 2017.
             Slain by a kobold
             ... wielding a +0 club
              (7 damage)
             ... on level 1 of the Dungeon.
             The game lasted 00:00:08 (81 turns).

Amnesiac the Insei (Octopode Transmuter)              Turns: 81, Time: 00:00:09

Health: -2/13      AC:  1    Str:  9    XL:     1   Next: 50%
Magic:  3/3        EV: 13    Int: 15    God:
Gold:   0          SH:  0    Dex: 12    Spells: 3/4 levels left

rFire    . . .     SeeInvis .     - Unarmed
rCold    . . .     Gourm    .   (no shield)
rNeg     . . .     Faith    .   (helmet restricted)
rPois    .         Spirit   .   (no amulet)
rElec    .         Reflect  .   (no ring)
rCorr    .         Harm     .   (no ring)
MR       .....                  (no ring)
Stlth    ++........             (no ring)
HPRegen  0.04/turn              (no ring)
MPRegen  0.08/turn              (no ring)
                                (no ring)
                                (no ring)

@: no status effects
A: almost no armour, stealthy swim, amphibious, 8 rings, constrict 8, camouflage
1, gelatinous body 1
a: no special abilities


You were on level 1 of the Dungeon.
You were not hungry.

You visited 1 branch of the dungeon, and saw 1 of its levels.

Inventory:

Missiles
 a - 12 arrows
Scrolls
 e - a scroll of identify {!r, unknown}
Books
 b - a book of Changes

   Spells                             Type                      Level
   a - Beastly Appendage              Transmutation                1
   b - Sticks to Snakes               Transmutation                2
   c - Spider Form                    Transmutation/Poison         3
   d - Ice Form                       Ice/Transmutation            4
   e - Blade Hands                    Transmutation                5
Comestibles
 c - a ration
 d - 3 chunks of flesh


   Skills:
 + Level 1.2 Fighting
 - Level 2.0 Dodging
 - Level 3.0 Unarmed Combat
 - Level 2.0 Spellcasting
 + Level 2.1 Transmutations


You had 3 spell levels left.
You knew the following spells:

 Your Spells              Type           Power        Failure   Level  Hunger
a - Beastly Appendage     Tmut           #.....       9%          1    #......


Dungeon Overview and Level Annotations

Branches:
Dungeon (1/15)

Altars:


Innate Abilities, Weirdness & Mutations

You cannot wear most types of armour.
You are very stealthy in the water. (Stealth+)
You are amphibious.
You can wear up to eight rings at the same time.
You can use your tentacles to constrict eight enemies at once.
Your skin changes colour to match your surroundings (Stealth+).
Your rubbery body absorbs attacks. (AC +1, EV +1)


Message History

There are monsters nearby!
You tentacle-slap the giant cockroach. You squeeze the giant cockroach.
You kill the giant cockroach!
There are monsters nearby!
The goblin hits you.
There are monsters nearby!
You tentacle-slap the goblin. You squeeze the goblin.
You kill the goblin!
A goblin is nearby!
The goblin barely misses you.
A goblin is nearby!
You tentacle-slap the goblin but do no damage.
The goblin barely misses you.
A goblin is nearby!
You tentacle-slap the goblin.
The goblin is moderately wounded.
A goblin is nearby!
You closely miss the goblin.
The goblin is moderately wounded.
The goblin hits you with a club.
* * * LOW HITPOINT WARNING * * *
A goblin is nearby!
You tentacle-slap the goblin.
You kill the goblin!
You butcher the giant cockroach corpse.
d - a chunk of flesh
Things that are here:
a club; a goblin corpse No target in view!
You butcher the goblin corpse.
d - 3 chunks of flesh (gained 2)
Things that are here:
a club; a goblin skeleton
Things that are here:
a club; a goblin skeleton
e - a scroll labeled GUOBLI FATHEOTI {!r} No target in view!
You open the door.
There is an open door here.
You open the door.
There is an open door here.
There is an open door here.
A kobold comes into view. It is wielding a club.
The kobold throws a stone.
The stone hits you.
Found 10 gold pieces, a club and 7 poisoned needles.
You see here a stone.
A frilled lizard comes into view.
Found a ring mail, 15 gold pieces and a scroll labeled GUOBLI FATHEOTI.
There are monsters nearby!
The kobold throws a stone.
The stone closely misses you.
Found a ration and a metallic ruby potion.
There are monsters nearby!
A rat comes into view.
There are monsters nearby!
You tentacle-slap the kobold but do no damage.
You grab the kobold. You constrict the kobold. The kobold hits you with a club.
* * * LOW HITPOINT WARNING * * *
There are monsters nearby!
You barely miss the kobold.
You squeeze the kobold, but do no damage.
The kobold is moderately wounded.
You constrict the kobold. The kobold hits you with a club!
Ouch! That really hurt!
You die...

........⌠..#
...........#.#.#.. ..
.######...##.#.#.##.##.
## ##'###.#.#.#.... #
###..# #.#......#
####...## #.#......####
##....### #.#....$.....
...#### #.#(........#
.### #.(..@K..$..#
############.##...)...%#
.............##........#
###############......l.#
..[.....r. ........$..
.......(... #..?####..!.


You could see a kobold, a frilled lizard (sleeping) and a rat.

Vanquished Creatures
  A giant cockroach (D:1)
  2 goblins (D:1)
3 creatures vanquished.

Notes
Turn   | Place    | Note
-------+----------+-------------------------------------------
     0 | D:1      | Amnesiac the Octopode Transmuter began the quest for the Orb.
     0 | D:1      | Reached XP level 1. HP: 13/13 MP: 3/3
    81 | D:1      | Slain by a kobold

Vault maps used:
D:1:      minmay_arrival_split_and_join

Action                   || total
-------------------------++-------
Melee: Unarmed           ||     8
       Tentacles         ||     3
       Constrict         ||     1
Dodge: Dodged            ||     3

Table legend:
 A = Spawn XP
 B = Non-spawn XP
 C = Spawn XP percentage of total XP
 D = Spawn monster count
 E = Non-spawn monster count
 F = Spawn count percentage of total count
 G = Total turns spent on level
                    A         B        C        D         E        F      G
               +---------+---------+-------+---------+---------+-------+---------
         Total |       0 |       5 |   0.0 |       0 |       3 |   0.0 |    81
               +---------+---------+-------+---------+---------+-------+---------
           D:1 |       0 |       5 |   0.0 |       0 |       3 |   0.0 |    81
               +---------+---------+-------+---------+---------+-------+---------
